 Dungeon Crawl Stone Soup version 0.27.1 (webtiles) character file.

Game seed: 9245730497576827283

25 nxtlvl the Chopper (level 2, 0/26 HPs)
             Began as a Draconian Berserker on Aug 22, 2021.
             Was a Follower of Trog.
             Slain by Jessica (4 damage)
             ... on level 3 of the Dungeon.
             The game lasted 00:02:25 (353 turns).

nxtlvl the Chopper (Draconian Berserker)             Turns: 353, Time: 00:02:26

Health: 0/26       AC:  4    Str: 19    XL:     2   Next: 82%
Magic:  2/2        EV: 12    Int:  7    God:    Trog [*.....]
Gold:   87         SH:  0    Dex: 10    Spells: 1/1 levels left

rFire    . . .     SeeInvis .   a - +0 hand axe
rCold    . . .     Faith    .   (no shield)
rNeg     . . .     Spirit   .   (armour unavailable)
rPois    .         Reflect  .   c - +0 hat
rElec    .         Harm     .   (no cloak)
rCorr    .         Rampage  .   (no gloves)
Will     .....                  (no boots)
Stlth    +.........             (no amulet)
HPRegen  0.08/turn              (no ring)
MPRegen  0.08/turn              (no ring)

@: on berserk cooldown, slowed, very slow
A: AC +4, unfitting armour, cold-blooded
a: Renounce Religion, Berserk


You were on level 3 of the Dungeon.
You worshipped Trog.
Trog was aware of your devotion.
You visited 1 branch of the dungeon, and saw 4 of its levels.

You collected 87 gold pieces.

Inventory:

Hand Weapons
 a - a +0 hand axe (weapon)
Armour
 c - a +0 hat (worn)
Scrolls
 b - a scroll of vulnerability {unknown}


   Skills:
 - Level 3.2 Fighting
 * Level 4.1 Axes
 - Level 2.6 Dodging


You had one spell level left.
You didn't know any spells.
Your spell library was empty.

Dungeon Overview and Level Annotations

Branches:
Dungeon (4/15)
 Temple: D:4-7

Altars:

Annotations:
D:3 Jessica


Innate Abilities, Weirdness & Mutations

Your plain brown scales are hard. (AC +4)
You cannot fit into any form of body armour.
You are cold-blooded and may be slowed by cold attacks.


Message History

You closely miss the shadow imp. You tail-slap the shadow imp.
The shadow imp is heavily wounded.
You hit the giant cockroach. The giant cockroach barely misses you.
You hit the shadow imp.
Your tail-slap misses the shadow imp.
The shadow imp is almost dead.
You closely miss the giant cockroach. The shadow imp barely misses you.
The giant cockroach closely misses you.
You barely miss the shadow imp.
Your tail-slap misses the shadow imp.
The shadow imp is almost dead.
You slash the giant cockroach!
You kill the giant cockroach!
Trog accepts your kill. The shadow imp closely misses you.
You hit the shadow imp.
You kill the shadow imp!
Trog accepts your kill.
Your Axes skill increases to level 4!
Unknown command.
You now have 87 gold pieces (gained 7).
You feel a strong urge to attack something.
You are no longer berserk.
You are exhausted.
You feel yourself slow down.
You open the large door.
Jessica the Apprentice Sorceress comes into view.
She is wielding a +0 dagger and carrying a wand of flame (13).
Jessica hits you with a +0 dagger.
* * * LOW HITPOINT WARNING * * *
You hit Jessica.
Jessica is lightly wounded.
Jessica zaps a wand.
The puff of flame misses you.
You hit Jessica.
Jessica is severely wounded.
Jessica zaps a wand.
The puff of flame hits you.
* * * LOW HITPOINT WARNING * * *
Jessica mumbles some strange words.
Jessica seems to speed up.
You closely miss Jessica.
Jessica is severely wounded.
Jessica hits you with a +0 dagger.
You die...

#>.# #..#
#..#
#######.<#
.........#
#######..#
###''###
#....†.#
#@#..#.#
#.@..##..+
#...'..#
..+
#####.#.
#.# #....
.#
###++###


You could see Jessica (fast).

Vanquished Creatures
  A shadow imp (D:3)
  2 dart slugs (D:1)
  3 ball pythons
  2 giant cockroaches
  A goblin (D:1)
  A hobgoblin (D:2)
  A frilled lizard (D:2)
  A kobold (D:2)
  2 rats
14 creatures vanquished.

Notes
Turn   | Place    | Note
-------+----------+-------------------------------------------
     0 | D:1      | nxtlvl the Draconian Berserker began the quest for the Orb.
     0 | D:1      | Reached XP level 1. HP: 19/19 MP: 1/1
    74 | D:1      | Reached XP level 2. HP: 19/26 MP: 2/2
   346 | D:3      | Reached skill level 4 in Axes
   350 | D:3      | Noticed Jessica
   353 | D:3      | Slain by Jessica

Illustrated notes

Levels and vault maps discovered:
D:1:      amcnicky_arrival_abandoned_market, layout_basic, serial_shops,
          nicolae_shop_stone, shop, minmay_small_reverse_x
D:2:      layout_basic, serial_curves, eino_curves_04, eino_curves_01,
          eino_curves_02, fountainhead, minmay_misc_feat_encased,
          uniq_crazy_yiuf_cottage
D:3:      layout_loops_ring, dancing_weapons_uskayaw,
          shapermc_ecumenical_altar_petra, serial_shops, nicolae_shop_stone,
          minmay_misc_feat_cross, chequers_serial_rivers_large_b,
          kennysheep_generic_room_15, uniq_jessica, uniq_terence
D:4:      layout_loops_ring, minmay_misc_feat_secret_circle, uniq_edmund

Skill      XL: |  1  2 |
---------------+-------+-----
Axes           | 4 |  4.1
Fighting       | |  3.2
Dodging        | |  2.6

Action                   || total
-------------------------++-------
Melee: Hand axe          ||    51
       Tailslap          ||     3
Invok: Berserk           ||     1
 Stab: Sleeping          ||     1
Armor: Skin              ||    14
Dodge: Dodged            ||    33
